LBK, lawful male human Monk ------------ |....<.....-## ---------- ##...........|#######I######....`.....# # -.----------# # |........|# ################# ############.........|# # # |........|# -----### ### |......{.|# |...-# # -----.----# |...|# ## # ########### |...-# ----.- ### # ---.- |...| |...`| # ######..`.| |.>.| |..... ### # # |...| |...| |....| -----------.---- ### ###|.... ----- ------ |..............| #|...| |.........{....| |...| |..............| ----- |..............| ---------------- LBK the Novice Experience level: 3 Strength: 18 Dexterity: 18 Constitution: 9 Intelligence: 10 Wisdom: 10 Charisma: 9 Health: 0(28) Energy: 12(12) Def: 6 Gold: 528 Moves: 1304 Dungeon seed: 5XgMoZbcKWB_Oz82 Game ID: LBK_1554810197 Your Inventory: Coins $ - 528 gold pieces Weapons k - 7 +0 shuriken (in quiver) t - a +0 orcish dagger Armor e - an uncursed +2 pair of leather gloves (being worn) n - an uncursed +1 robe (being worn) Comestibles d - 5 uncursed food rations f - 4 uncursed apples g - 6 uncursed oranges h - 3 uncursed fortune cookies s - an uncursed egg Scrolls b - an uncursed scroll of food detection Spellbooks a - a blessed spellbook of sleep i - an uncursed spellbook of haste self Potions c - 3 uncursed potions of healing m - an uncursed potion of gain ability o - an uncursed potion of paralysis Gems q - an uncursed worthless piece of white glass Spells and supernatural/magical abilities: Name Level Category Fail Memory z - sleep 1 enchantment 0% 94% W - pray for help -- divine ? -- Your skills at the end: Fighting Skills martial arts [Basic] Weapon Skills Spellcasting Skills healing spells [Basic] Final Attributes: You were piously aligned. You were sleep resistant. You were poison resistant. You saw invisible. You were fast. You are dead. Vanquished creatures: an iguana a gas spore a hobgoblin a giant rat a green mold 2 geckos a jackal 3 kobolds a sewer rat a grid bug a lichen 4 newts 18 creatures vanquished. Voluntary challenges: You were an atheist. You never hit with a wielded weapon. You were illiterate. You never genocided any monsters. You never polymorphed an object. You never changed form. You used no wishes. You never split a pudding. You never wrote Elbereth's name. You violated your moral code, losing 1 point of alignment, starting on turn 1020. Dungeon overview: The Dungeons of Doom: levels 1 to 5 Level 1 a long staircase Level 2 Level 3 an armor shop, a fountain, a sink Level 4 <- You were here some fountains Level 5 History has recorded: On T:1 you entered the Dungeons of Doom to retrieve the Amulet of Yendor! On T:265 you reached level 2 of The Dungeons of Doom. On T:484 you reached level 3 of The Dungeons of Doom. On T:529 you advanced to experience level 2. On T:643 you reached level 4 of The Dungeons of Doom. On T:803 you advanced to experience level 3. On T:922 you reached level 5 of The Dungeons of Doom. Score breakdown: Gold: 528 ( 9264 points) Experience: 3 levels ( 7878 points) Exploration: 5 levels ( 10.87%) ( 8944 points) Discoveries: 0 items ( 0.00%) ( 0 points) Valuables value: (no points given unless you survive) Artifact value: 0 ( 0 points) Variety of kills: 12 monsters ( 3.15%) ( 5324 points) Turncount: 1304 turns ( 0 points) Survival: died (score multiplied by 80%) Total score: 25128 Latest messages: You feel less confused now. You are almost hit by a crude dagger. The hobgoblin hits! The hobgoblin misses. (2x) You kill the hobgoblin! You see here a statue of a newt. You faint from lack of food. You come to. You see here a statue of a newt. You see here a crude dagger. You faint from lack of food. You come to. t - a crude dagger. You faint from lack of food. You come to. You faint from lack of food. You come to. You faint from lack of food. You come to. You faint from lack of food. It bites! (9x) You die... Final status: Goodbye LBK the Monk, killed by a little dog, while fainted from lack of food... You died in The Dungeons of Doom on dungeon level 4 with 25128 points, and 528 pieces of gold, after 1304 moves. You were level 3 with a maximum of 28 hit points when you died.